 Dungeon Crawl Stone Soup version 0.18-a0-1468-gaf180a1 (webtiles) character file.

4805 Demise101 the Cleaver (level 10, -2/136 HPs)
             Began as a Minotaur Fighter on Mar 1, 2016.
             Was a Priest of Trog.
             Slain by an orc warrior
             ... wielding a +0 trident
              (15 damage)
             ... in a bailey.
             The game lasted 00:05:59 (8040 turns).

Demise101 the Cleaver (Minotaur Fighter)            Turns: 8040, Time: 00:05:59

Health: -2/136     AC: 15    Str: 27    XL:     10   Next: 24%
Magic:  0/9        EV:  7    Int:  8    God:    Trog [***...]
Gold:   615        SH: 10    Dex: 12    Spells: 0 memorised, 9 levels left

rFire  . . .     SeeInvis .     a - +3 war axe (holy)
rCold  . . .     Gourm    .     b - +1 scale mail
rNeg   . . .     Faith    .     c - +0 shield
rPois  .         Spirit   +     (helmet restricted)
rElec  .         Dismiss  .     H - +2 cloak
rCorr  .         Reflect  .     E - +0 pair of gloves
SustAt .         Harm     .     s - +0 pair of boots
MR     .....                    D - amulet of guardian spirit
Stlth  ..........               O - +3 ring of intelligence
                                N - +4 ring of slaying

@: berserking (expiring), very quick, not resistant to hostile enchantments,
extremely unstealthy
A: retaliatory headbutt, horns 2
a: Berserk, Trog's Hand, Burn Spellbooks, Renounce Religion


You were in a bailey.
You worshipped Trog.
Trog was most pleased with you.
You were hungry.

You visited 1 branch of the dungeon, and saw 9 of its levels.
You also visited: Bailey.

You collected 615 gold pieces.

Inventory:

Hand Weapons
 a - a +3 war axe of holy wrath (weapon)
 S - a +0 war axe
Armour
 b - a +1 scale mail (worn)
 c - a +0 shield (worn)
 s - a +0 pair of boots (worn)
 E - a +0 pair of gloves (worn)
 H - a +2 cloak (worn)
Jewellery
 m - an uncursed ring of wizardry
 D - an amulet of guardian spirit (around neck)
 N - a +4 ring of slaying (left hand)
 O - a +3 ring of intelligence (right hand)
Wands
 C - a wand of random effects (13/48)
 L - a wand of teleportation (5/9)
 M - a wand of teleportation (5/9)
 P - a wand of slowing (21/48)
 Q - a wand of polymorph (21/24)
 R - a wand of lightning (8/15)
 T - a wand of iceblast (9/15)
 U - a wand of flame (32/48)
 Y - a wand of lightning (6/15)
Scrolls
 e - 2 scrolls of blinking
 i - a scroll of random uselessness
 n - 3 scrolls of remove curse
 p - a scroll of fog
 q - 2 scrolls of magic mapping
 w - 2 scrolls of enchant armour
 y - a scroll of fear {unknown}
 F - a scroll of noise {unknown}
 J - 3 scrolls of teleportation
Potions
 d - 6 potions of might
 j - 6 potions of curing
 k - 4 potions of haste
 l - a potion of lignification {unknown}
 o - 6 potions of brilliance
 t - 3 potions of degeneration {unknown}
 v - a potion of invisibility {unknown}
 x - 2 potions of cure mutation {unknown}
 B - a potion of agility {unknown}
 G - 5 potions of heal wounds
 K - 2 potions of mutation {unknown}
 W - a potion of ambrosia {unknown}
 X - 2 potions of flight {unknown}
Comestibles
 f - 10 bread rations
 g - 3 chunks of flesh
 h - 4 fruits
 r - 9 slices of pizza
 u - 2 royal jellies
 z - 4 beef jerkies
 A - 4 meat rations


   Skills:
 + Level 9.5 Fighting
 * Level 12.8 Axes
 + Level 9.6 Armour
 - Level 3.6 Shields


You had 9 spell levels left.
You didn't know any spells.

Dungeon Overview and Level Annotations

Branches:
Dungeon (9/15)             Temple (0/1) D:7
   Lair: D:8-11         Orc: D:9-12

Altars:
Ashenzari
Cheibriados
Dithmenos
Fedhas
Okawaru
Qazlal
Ru
Sif Muna
Trog
Vehumet
Xom
Yredelemnul
Zin
The Shining One

Shops:
D:7 [


Innate Abilities, Weirdness & Mutations

You reflexively headbutt those who attack you in melee.
You have a pair of horns on your head.


Message History

You closely miss the orc knight. You headbutt the orc knight!
The orc knight is severely wounded.
You hit the orc knight.
The orc knight is almost dead.
The orc warrior hits you but does no damage.
The orc warrior closely misses you.
The orc warrior hits you from afar with a trident!
* * * LOW HITPOINT WARNING * * *
The orc completely misses you. The orc knight hits you with a halberd.
* * * LOW HITPOINT WARNING * * *
The orc knight hits you with a glaive.
* * * LOW HITPOINT WARNING * * *
You slice the orc knight!!
The orc knight is almost dead.
You closely miss the orc knight.
The orc knight is almost dead.
The orc warrior hits you from afar with a trident!
* * * LOW HITPOINT WARNING * * *
The orc warrior hits you from afar with a trident!
You die...

####### #######
##..o..#########.....#
+..o).).#.....#.......
+...o@..'.....'...))).
+..o)o).'.....'..)))).
+...o...'.....'...))..
+.......#.....#...)...
##.....#########.....#
####### #######


You could see 2 orc knights, 3 orc warriors and an orc (frenzied).

Vanquished Creatures
  Pikel (D:6)
  Prince Ribbit (D:6)
  A yak (D:7)
  A human (D:7)
  Eustachio (D:5)
  2 hungry ghosts
  Menkaure (D:6)
  Duvessa (D:5)
  A water moccasin (D:7)
  A sky beast (D:8)
  5 orc warriors
  4 slaves (D:6)
  2 phantoms
  A black bear (D:7)
  An eye of draining (D:8)
  An ice beast (D:8)
  A centaur (D:8)
  2 ogres
  2 giant frogs
  2 wyvern zombies
  Dowan (D:5)
  A killer bee (D:7)
  2 scorpions
  A howler monkey (D:4)
  2 crimson imps
  8 orc wizards
  A giant frog zombie (D:9)
  7 orc priests
  9 hounds
  2 iguanas
  9 worker ants
  3 sheep (D:7)
  A hound skeleton (D:7)
  3 gnolls (D:3)
  11 adders
  2 shadow imps
  An adder skeleton (D:8)
  3 worms
  2 dart slugs
  7 giant geckos
  47 orcs
  3 ball pythons
  7 giant cockroaches
  6 goblins
  16 hobgoblins
  8 jackals (D:1)
  4 quokkas
  5 bats
  7 giant newts
  A jackal zombie (D:6)
  9 kobolds
  7 rats
228 creatures vanquished.

Vanquished Creatures (others)
  2 orcs (D:8)
2 creatures vanquished.

Grand Total: 230 creatures vanquished

Notes
Turn   | Place    | Note
--------------------------------------------------------------
     0 | D:1      | Demise101 the Minotaur Fighter began the quest for the Orb.
     0 | D:1      | Reached XP level 1. HP: 19/19 MP: 0/0
    47 | D:1      | Reached XP level 2. HP: 20/27 MP: 1/1
   268 | D:1      | Reached skill level 3 in Axes
   494 | D:1      | Reached XP level 3. HP: 33/33 MP: 2/2
   913 | D:2      | Found a radiant altar of Vehumet.
  1098 | D:2      | Reached XP level 4. HP: 41/41 MP: 3/3
  1284 | D:2      | Reached skill level 4 in Axes
  1669 | D:3      | Found a stormy altar of Qazlal.
  1769 | D:3      | Found a faded altar to an unknown god.
  1865 | D:3      | Found a deep blue altar of Sif Muna.
  1912 | D:3      | Reached XP level 5. HP: 47/47 MP: 4/4
  1949 | D:3      | Found a shadowy altar of Dithmenos.
  2217 | D:3      | Reached skill level 5 in Axes
  2492 | D:3      | Reached skill level 5 in Fighting
  2536 | D:3      | Reached skill level 5 in Armour
  2644 | D:4      | Found a shimmering altar of Xom.
  2644 | D:4      | Found a glowing silver altar of Zin.
  2644 | D:4      | Noticed an angel
  2679 | D:4      | Reached XP level 6. HP: 56/56 MP: 5/5
  2763 | D:4      | Reached skill level 6 in Axes
  2999 | D:4      | Found a glowing golden altar of the Shining One.
  3033 | D:4      | Found a blossoming altar of Fedhas.
  3089 | D:4      | Reached XP level 7. HP: 52/61 MP: 6/6
  3492 | D:5      | Entered Level 5 of the Dungeon
  3492 | D:5      | Noticed Duvessa
  3492 | D:5      | Noticed Dowan
  3499 | D:5      | Killed Duvessa
  3499 | D:5      | Reached skill level 7 in Axes
  3500 | D:5      | Killed Dowan
  3677 | D:5      | Noticed Eustachio
  3689 | D:5      | Killed Eustachio
  3742 | D:5      | Reached skill level 8 in Axes
  3763 | D:5      | Reached XP level 8. HP: 55/71 MP: 7/7
  4002 | D:5      | Found a bloodstained altar of Trog.
  4016 | D:5      | Became a worshipper of Trog the Wrathful
  4126 | D:5      | Reached skill level 9 in Axes
  4138 | D:5      | Found a shattered altar of Ashenzari.
  4263 | D:5      | Found a sacrificial altar of Ru.
  4449 | D:6      | Noticed Prince Ribbit
  4521 | D:6      | Noticed Menkaure
  4527 | D:6      | Killed Menkaure
  4574 | D:6      | Killed Prince Ribbit
  4898 | D:6      | Reached skill level 10 in Axes
  5185 | D:6      | Reached XP level 9. HP: 73/80 MP: 8/8
  5460 | D:6      | Noticed Pikel
  5475 | D:6      | Killed Pikel
  5768 | D:7      | Reached skill level 11 in Axes
  5771 | D:7      | Reached * piety under Trog
  5891 | D:7      | Found a staircase to the Ecumenical Temple.
  6446 | D:7      | Found Qason's Armour Shoppe.
  6868 | D:8      | Reached skill level 12 in Axes
  7060 | D:8      | Found a basalt altar of Yredelemnul.
  7185 | D:8      | Found an iron altar of Okawaru.
  7270 | D:8      | Reached ** piety under Trog
  7270 | D:8      | Reached XP level 10. HP: 84/91 MP: 9/9
  7380 | D:8      | Found a snail-covered altar of Cheibriados.
  7720 | D:9      | Found a flagged portal.
  7754 | Bailey   | Entered a bailey
  7864 | Bailey   | Reached *** piety under Trog
  8028 | Bailey   | Noticed an orc knight
  8028 | Bailey   | Noticed an orc knight
  8040 | Bailey   | Slain by an orc warrior

Vault maps used:
D:1:      shiori_shiawase
D:2:      vehumet_crystals, st_stairs_3, minmay_misc_feat_hallway
D:3:      corexii_shack_village, nicolae_overflow_crystal_walls,
          lemuel_doored_altar, grunt_dithmenos_smoke_and_mirrors,
          ecumenical_altar_2, first_bread
D:4:      grunt_temple_overflow_order_and_chaos_1, nicolae_tso_carved_into_rock,
          old_standard_altar, minmay_cupped
D:5:      overflow_temple_1_default, bloody_trog, lemuel_coloured_pillars_altar,
          uniq_duvessa, uniq_eustachio
D:6:      nicolae_underground_beach, uniq_prince_ribbit1, uniq_pikel,
          uniq_menkaure
D:7:      minmay_temple_entry_mist, serial_shops, nicolae_shop_trees,
          grunt_livestock
D:8:      kennysheep_okawaru_gauntlet, overflow_temple_1_default,
          lemuel_crystal_altar, kennysheep_big_empty_room
D:9:      enter_bailey_1, uniq_gastronok
Bailey:   bailey_polearm_5, bailey

Skill      XL: |  1  2  3  4  5  6  7  8  9 |
---------------+----------------------------+-----
Armour         | 4 5 6 7 9 |  9.6
Axes           | 3 4 5 6 8 10 12 | 12.8
Fighting       | 4 5 6 7 9 |  9.5
Shields        | |  3.6

Action                   |  1- 3 |  4- 6 |  7- 9 | 10-12 || total
-------------------------+-------+-------+-------+-------++-------
Melee: War axe           |    84 |   182 |   242 |    56 ||   564
Invok: Berserk           |       |       |       |     2 ||     2
       Burn Spellbooks   |       |       |       |     1 ||     1
  Use: Scroll            |       |       |     7 |    11 ||    18
  Eat: Chunk             |       |     7 |    13 |     2 ||    22
       Bread ration      |       |       |     1 |       ||     1
